 Dungeon Crawl Stone Soup version 0.21-a0-401-g0b6bec4 (webtiles) character file.

5044 penrosetingle the Thaumaturge (level 10, -18/46 HPs)
             Began as a Deep Elf Summoner on Oct 24, 2017.
             Was an Initiate of Gozag.
             Killed from afar by a rakshasa (40 damage)
             ... with an orb of energy
             ... on level 10 of the Dungeon on Oct 25, 2017.
             The game lasted 01:41:39 (9885 turns).

penrosetingle the Thaumaturge (Deep Elf Summoner)   Turns: 9885, Time: 01:41:39

Health: -18/46     AC:  3    Str:  5    XL:     10   Next: 30%
Magic:  21/35      EV: 13    Int: 24    God:    Gozag
Gold:   1933       SH:  3    Dex: 15    Spells: 13/30 levels left

rFire    + . .     SeeInvis .   A - +1 spear (distort)
rCold    + . .     Gourm    .   (no shield)
rNeg     . . .     Faith    .   D - +1 robe {rF+}
rPois    .         Spirit   .   (no helmet)
rElec    .         Reflect  +   (no cloak)
rCorr    .         Harm     .   (no gloves)
MR       +....                  (no boots)
Stlth    +++.......             k - +3 amulet of reflection
HPRegen  0.15/turn              z - ring of protection from cold
MPRegen  0.24/turn              L - ring of magical power

@: gold aura
A: frail 1, evolution 1
a: Potion Petition, Call Merchant, Bribe Branch, Renounce Religion


You were on level 10 of the Dungeon.
You worshipped Gozag.
Gozag was most pleased with you.
You were not hungry.

You visited 1 branch of the dungeon, and saw 10 of its levels.

You collected 2106 gold pieces.
You spent 162 gold pieces at shops.
You paid 11 gold pieces to Gozag.

Inventory:

Hand Weapons
 p - a +0 spear
 A - a +1 spear of distortion (weapon)
 F - a +2 quarterstaff of chaos
 G - a +1 mace of protection
Missiles
 g - 6 tomahawks (quivered)
Armour
 a - a +0 robe
 D - a +1 robe of fire resistance (worn)
Jewellery
 k - a +3 amulet of reflection (around neck)
 z - a ring of protection from cold (left hand)
 L - a ring of magical power (right hand)
Wands
 m - a wand of acid (5/15)
 y - a wand of polymorph (24/24)
 C - a wand of flame (23/48)
 O - a wand of disintegration (12/24)
Scrolls
 e - 5 scrolls of teleportation
 h - 2 scrolls of remove curse
 j - 2 scrolls of amnesia
 l - 2 scrolls of fear
 u - a scroll of blinking
 w - 3 scrolls of random uselessness
 B - 2 scrolls of identify
 M - a scroll of enchant weapon {unknown}
 N - a scroll of enchant armour {unknown}
 R - a scroll of immolation {unknown}
 S - a scroll of holy word {unknown}
Potions
 d - 3 potions of brilliance
 f - 4 potions of curing
 i - 2 potions of mutation
 n - 3 potions of degeneration {unknown}
 o - 2 potions of might {unknown}
 q - a potion of invisibility {unknown}
 s - 3 potions of flight {unknown}
 t - 2 potions of magic {unknown}
 E - 2 potions of berserk rage {unknown}
 H - a potion of ambrosia {unknown}
 I - a potion of cancellation {unknown}
 P - a potion of heal wounds {unknown}
 Q - a potion of lignification {unknown}
Books
 b - a book of Callings

   Spells                             Type                      Level
   a - Summon Small Mammal            Summoning                    1
   b - Call Imp                       Summoning                    2
   c - Call Canine Familiar           Summoning                    3
   d - Summon Guardian Golem          Hexes/Summoning              3
   e - Summon Lightning Spire         Summoning/Air                4
   f - Summon Ice Beast               Ice/Summoning                4
 r - a book of Cantrips

   Spells                             Type                      Level
   a - Confusing Touch                Hexes                        1
   b - Animate Skeleton               Necromancy                   1
   c - Summon Small Mammal            Summoning                    1
   d - Apportation                    Translocation                1
 v - a book of Conjurations

   Spells                             Type                      Level
   a - Magic Dart                     Conjuration                  1
   b - Searing Ray                    Conjuration                  2
   c - Dazzling Spray                 Conjuration/Hexes            3
   d - Fulminant Prism                Conjuration/Hexes            4
   e - Force Lance                    Conjuration/Translocation    4
   f - Iskenderun's Mystic Blast      Conjuration                  4
 J - a book of Minor Magic

   Spells                             Type                      Level
   a - Magic Dart                     Conjuration                  1
   b - Blink                          Translocation                2
   c - Call Imp                       Summoning                    2
   d - Slow                           Hexes                        2
   e - Conjure Flame                  Conjuration/Fire             3
   f - Mephitic Cloud                 Conjuration/Poison/Air       3
Comestibles
 c - 4 bread rations
 x - 5 meat rations
 K - 4 fruits


   Skills:
 + Level 1.3 Fighting
 * Level 4.2 Polearms
 + Level 3.2 Dodging
 + Level 4.9 Stealth
 + Level 10.9 Spellcasting
 + Level 0.9 Conjurations
 + Level 2.0 Hexes
 + Level 10.4 Summonings
 + Level 0.1 Necromancy
 + Level 3.7 Ice Magic
 + Level 4.4 Air Magic
 + Level 0.6 Evocations


You had 13 spell levels left.
You knew the following spells:

 Your Spells              Type           Power        Failure   Level  Hunger
a - Summon Small Mammal   Summ           ####         1%          1    None
b - Animate Skeleton      Necr           N/A          4%          1    None
c - Summon Guardian Gole  Hex/Summ       #####...     1%          3    None
d - Call Canine Familiar  Summ           ######..     1%          3    None
e - Summon Ice Beast      Ice/Summ       #####...     2%          4    None
f - Magic Dart            Conj           ###.         3%          1    None
g - Summon Lightning Spi  Summ/Air       #####...     2%          4    None


Dungeon Overview and Level Annotations

Branches:
Dungeon (10/15)            Temple (0/1) D:4
   Lair: D:8-11         Orc: D:9-12

Altars:
Elyvilon
Gozag
Uskayaw
Wu Jian
Xom
The Shining One

Shops:
D:7 (

Annotations:
D:6 2 transporters


Innate Abilities, Weirdness & Mutations

You are frail. (-10% HP)
You evolve.


Message History

The orc priest dies!
An orc warrior comes into view. It is wielding a scimitar.
Your lightning spire shoots out a bolt of lightning at the orc warrior!
The bolt of electricity hits the orc warrior.
The orc warrior is distracted by the nearby gold.
The rakshasa gestures at you. The orb of energy misses you.
An ice beast comes into view.
The rakshasa gestures at you. The orb of energy hits you!
Ouch! That really hurt!
The ice beast moves out of view.
Your lightning spire shoots out a bolt of lightning at the orc warrior!
The bolt of electricity hits the orc warrior.
The orc warrior dies!
The rakshasa gestures at you. The orb of energy hits you!
Ouch! That really hurt!
You die...
Your body crumbles into a pile of gold.

........# .##
.............
#..##...#...## .
#..##...#.... ..
#..##.#.#..##### ....
#..#....#.......
#....#..#.....Y...# #
#....#..#..)......#.#
#.....@..##......#.####
#...#..................
##...8...##.#....#.####
#...#.h..)............
##..RY......#...#.....
#..####..$.....######.
#.. #$###.##........
#...#....o.#...........
#..#.....#...#####.....


You could see a rakshasa, an ice beast, an orc, a friendly warg, a friendly ice
beast and a friendly lightning spire.

Vanquished Creatures
  A sky beast (D:7)
  An ice beast (D:6)
  An ogre (D:4)
  A wolf (D:9)
  A centaur (D:7)
  A bullfrog (D:8)
  A jelly (D:6)
  2 hounds
  An orc wizard (D:7)
  An orc priest (D:7)
  3 gnolls
  2 adders
  An adder skeleton (D:4)
  4 orcs
  2 bats (D:2)
  2 giant cockroaches
  3 hobgoblins
  A jackal (D:3)
  A quokka (D:2)
  2 ball pythons
  3 kobolds
  2 rats
37 creatures vanquished.

Vanquished Creatures (collateral kills)
  Gastronok (D:9)
  A two-headed ogre (D:9)
  Pikel (D:6)
  A manticore (D:10)
  Maurice (D:9)
  A troll (D:9)
  A hippogriff (D:7)
  Grum (D:9)
  10 yaks (D:9)
  A hungry ghost (D:9)
  Menkaure (D:7)
  Duvessa (D:7)
  An ice beast (D:8)
  An orc warrior (D:10)
  4 sky beasts
  2 slaves (D:6)
  4 ogres
  A necrophage (D:9)
  3 wolves (D:9)
  2 centaurs
  Blork the orc (D:6)
  2 bullfrogs
  Dowan (D:7)
  2 jellies
  A scorpion (D:4)
  8 crimson imps
  2 bullfrog zombies
  A quasit (D:9)
  5 orc priests
  9 hounds
  4 orc wizards
  Crazy Yiuf (D:6)
  2 iguanas
  6 worker ants
  A hound zombie (D:6)
  2 hound skeletons
  A worker ant zombie (D:6)
  9 gnolls
  9 adders
  A shadow imp (D:9)
  An adder skeleton (D:5)
  2 worms (D:2)
  A dart slug (D:2)
  6 leopard geckos
  16 orcs
  3 ball pythons
  5 giant cockroaches
  7 goblins
  3 hobgoblins
  14 jackals
  10 kobolds
  6 quokkas
  A ball python skeleton (D:4)
  7 bats
  4 frilled lizards
  A leopard gecko zombie (D:5)
  6 rats
200 creatures vanquished.

Vanquished Creatures (others)
  2 worker ants (D:5)
  A giant cockroach (D:5)
3 creatures vanquished.

Grand Total: 240 creatures vanquished

Notes
Turn   | Place    | Note
-------+----------+-------------------------------------------
     0 | D:1      | penrosetingle the Deep Elf Summoner began the quest for the Orb.
     0 | D:1      | Reached XP level 1. HP: 10/10 MP: 6/6
   499 | D:1      | Reached XP level 2. HP: 15/15 MP: 4/8
  1098 | D:2      | Found a glowing golden altar of the Shining One.
  1139 | D:2      | Learned a level 1 spell: Animate Skeleton
  1143 | D:2      | Found an opulent altar of Gozag.
  1159 | D:2      | Became a worshipper of Gozag Ym Sagoz the Greedy
  1219 | D:2      | Reached XP level 3. HP: 15/19 MP: 8/10
  2053 | D:3      | Reached skill level 5 in Summonings
  2118 | D:3      | Reached XP level 4. HP: 20/24 MP: 6/12
  2329 | D:2      | Learned a level 3 spell: Summon Guardian Golem
  2355 | D:3      | Noticed a hand axe
  2356 | D:3      | Noticed a dagger
  2357 | D:3      | Found a hide-covered altar of Uskayaw.
  3059 | D:3      | Reached skill level 5 in Spellcasting
  3070 | D:3      | Found an ornate altar of the Wu Jian Council.
  3070 | D:3      | Found a white marble altar of Elyvilon.
  3427 | D:3      | Learned a level 3 spell: Call Canine Familiar
  3881 | D:3      | Reached XP level 5. HP: 28/28 MP: 14/14
  4196 | D:4      | Noticed an ogre
  4208 | D:4      | Killed an ogre
  4485 | D:4      | Found a staircase to the Ecumenical Temple.
  4541 | D:4      | Learned a level 4 spell: Summon Ice Beast
  4719 | D:4      | Reached XP level 6. HP: 32/32 MP: 12/17
  5120 | D:5      | Entered Level 5 of the Dungeon
  5179 | D:5      | Found a shimmering altar of Xom.
  5488 | D:5      | Reached skill level 1 in Ice Magic
  5647 | D:6      | Noticed Blork the orc
  5663 | D:6      | Killed Blork the orc
  5774 | D:6      | Reached XP level 7. HP: 25/36 MP: 3/19
  6288 | D:6      | Reached skill level 1 in Polearms
  6360 | D:6      | Found a transporter.
  6405 | D:6      | Found a transporter.
  6780 | D:6      | Found a runed door.
  6784 | D:6      | Noticed Crazy Yiuf
  6793 | D:6      | Killed Crazy Yiuf
  6897 | D:6      | Noticed Pikel
  6935 | D:6      | Killed Pikel
  6935 | D:6      | Reached skill level 1 in Hexes
  6935 | D:6      | Reached XP level 8. HP: 31/42 MP: 9/22
  6938 | D:6      | Learned a level 1 spell: Magic Dart
  6943 | D:6      | Learned a level 4 spell: Summon Lightning Spire
  7082 | D:7      | Noticed Menkaure
  7435 | D:7      | Killed Menkaure
  7437 | D:7      | Found Gadovedgh's Antique Weapon Shoppe.
  7477 | D:7      | Bought a runed spear for 162 gold pieces
  7657 | D:7      | Noticed a hippogriff
  7663 | D:7      | Killed a hippogriff
  7663 | D:7      | Reached skill level 1 in Air Magic
  7676 | D:7      | Noticed Dowan
  7678 | D:7      | Found a flagged portal.
  7680 | D:7      | Noticed Duvessa
  7698 | D:7      | Killed Duvessa
  7707 | D:7      | Killed Dowan
  8143 | D:8      | Noticed a two-headed ogre
  8799 | D:9      | Reached XP level 9. HP: 46/46 MP: 24/24
  8956 | D:9      | Noticed Maurice
  8967 | D:9      | Killed Maurice
  8993 | D:9      | Noticed a two-headed ogre
  8998 | D:9      | Killed a two-headed ogre
  9003 | D:9      | Reached skill level 10 in Spellcasting
  9045 | D:9      | Noticed Grum
  9052 | D:9      | Killed Grum
  9089 | D:9      | Reached skill level 10 in Summonings
  9317 | D:9      | Noticed Gastronok
  9339 | D:9      | Killed Gastronok
  9339 | D:9      | Reached XP level 10. HP: 50/51 MP: 16/26
  9511 | D:9      | Reached skill level 1 in Fighting
  9757 | D:9      | Gained mutation: You are frail. (-10% HP) [potion of mutation]
  9757 | D:9      | Gained mutation: You evolve. [potion of mutation]
  9772 | D:10     | Entered Level 10 of the Dungeon
  9839 | D:10     | Noticed a manticore
  9849 | D:10     | Killed a manticore
  9876 | D:10     | Noticed a rakshasa
  9885 | D:10     | Killed from afar by a rakshasa

Vault maps used:
D:1:      minmay_arrival_split_and_join
D:2:      old_standard_altar, lemuel_crystal_altar
D:3:      dancing_weapons_uskayaw, gammafunk_temple_overflow_wave
D:4:      minmay_temple_entry_junction, first_bread
D:5:      xom_confusion_cloud
D:6:      gammafunk_cloud_chamber, uniq_blork_the_orc, uniq_pikel,
          uniq_crazy_yiuf_cottage
D:7:      enter_bailey_2, serial_shops,
          nicolae_shop_temple_entry_statues_fountains, minivault_11,
          uniq_menkaure, uniq_duvessa
D:9:      uniq_grum, uniq_maurice, uniq_gastronok
D:10:     minmay_diamond_stairs, uniq_psyche

Skill      XL: |  1  2  3  4  5  6  7  8  9 10 |
---------------+-------------------------------+-----
Spellcasting   | 4 5 6 7 8 9 10 | 10.9
Summonings     | 5 6 7 8 10 | 10.4
Stealth        | 3 4 |  4.9
Ice Magic      | 1 2 3 |  3.7
Polearms       | 1 3 4 |  4.2
Dodging        | 3 |  3.2
Hexes          | 1 2 |  2.0
Air Magic      | 2 4 |  4.4
Fighting       | 1 |  1.3
Conjurations   | |  0.9
Necromancy     | |  0.1
Evocations     | |  0.6

Action                   |  1- 3 |  4- 6 |  7- 9 | 10-12 || total
-------------------------+-------+-------+-------+-------++-------
Melee: Unarmed           |     4 |       |       |       ||     4
       Spear             |    59 |   107 |    71 |     4 ||   241
       Mace              |     1 |       |       |       ||     1
Throw: Tomahawk          |     2 |     1 |       |       ||     3
 Cast: Summon Small Mamm |   101 |    68 |    29 |     3 ||   201
       Animate Skeleton  |     1 |       |       |       ||     1
       Summon Guardian G |       |    17 |    10 |       ||    27
       Call Canine Famil |       |    17 |    16 |     4 ||    37
       Summon Ice Beast  |       |    13 |    22 |     3 ||    38
       Summon Lightning  |       |       |    39 |     7 ||    46
       Magic Dart        |       |       |    16 |     1 ||    17
Invok: Potion Petition   |     1 |       |       |       ||     1
Evoke: Wand              |       |     1 |       |       ||     1
  Use: Scroll            |     3 |     5 |     4 |     3 ||    15
       Potion            |       |       |       |     1 ||     1
 Stab: Distracted        |     1 |     6 |     3 |       ||    10
       Sleeping          |       |     1 |       |       ||     1
  Eat: Chunk             |     1 |       |     1 |       ||     2
       Bread ration      |     1 |       |     1 |       ||     2
       Meat ration       |       |     3 |     1 |       ||     4
       Fruit             |       |       |     2 |       ||     2
       Royal jelly       |       |       |     1 |       ||     1
Armor: Robe              |    12 |    10 |     6 |       ||    28
Dodge: Dodged            |    74 |    55 |    45 |     2 ||   176
Block: Other             |    12 |     7 |    12 |       ||    31
       Reflection        |       |       |     1 |       ||     1

Table legend:
 A = Spawn XP
 B = Non-spawn XP
 C = Spawn XP percentage of total XP
 D = Spawn monster count
 E = Non-spawn monster count
 F = Spawn count percentage of total count
 G = Total turns spent on level
                    A         B        C        D         E        F      G
               +---------+---------+-------+---------+---------+-------+---------
         Total |       0 |    7206 |   0.0 |       0 |     235 |   0.0 |  9885
               +---------+---------+-------+---------+---------+-------+---------
           D:1 |       0 |      15 |   0.0 |       0 |      14 |   0.0 |   924
           D:2 |       0 |      51 |   0.0 |       0 |      30 |   0.0 |  1208
           D:3 |       0 |     130 |   0.0 |       0 |      36 |   0.0 |  1996
           D:4 |       0 |     227 |   0.0 |       0 |      24 |   0.0 |   992
           D:5 |       0 |     123 |   0.0 |       0 |      15 |   0.0 |   474
           D:6 |       0 |     999 |   0.0 |       0 |      35 |   0.0 |  1826
           D:7 |       0 |     759 |   0.0 |       0 |      20 |   0.0 |   586
           D:8 |       0 |     414 |   0.0 |       0 |      13 |   0.0 |   702
           D:9 |       0 |    3998 |   0.0 |       0 |      40 |   0.0 |  1064
          D:10 |       0 |     490 |   0.0 |       0 |       8 |   0.0 |   113
               +---------+---------+-------+---------+---------+-------+---------
